Map: Acropolis LE

Players

Jav

  • Race: Protoss Protoss
  • League: Diamond
  • Spawn Location: 11:00

pHARM - Winner!

  • Race: Zerg Zerg
  • League: Platinum
  • Spawn Location: 5:00

VOD

Have the link to the VOD?

Description

Time

  • Played on: July 20, 2019, 12:10 p.m.
  • Length: 10:43
Show
View Real Time Build Order
Export as new Build Order

Jav Protoss 

Build Orders:  

Get SALT Encoding   

  12  0:07  Probe  
  13  0:41  Pylon  
  13  0:43  Probe  
  14  0:56  Probe  
  15  1:08  Probe  
  16  1:13  Forge  
  16  1:16  Probe  
  16  1:24  Probe  
  18  1:33  Probe  
  19  1:41  Probe  
  20  1:50  Pylon  
  20  2:09  Gateway  
  20  2:12  Photon Cannon  
  20  2:19  Photon Cannon  
  20  2:20  Photon Cannon  
  20  2:23  Pylon  
  20  2:34  Photon Cannon  
  20  2:38  Pylon  
  20  2:54  Photon Cannon  
  20  2:58  Nexus  
  20  3:06  Probe  
  20  3:08  Assimilator  
  20  3:12  Assimilator  
  21  3:19  Photon Cannon  
  21  3:20  Zealot  
  21  3:24  Photon Cannon  
  23  3:47  Zealot  
  25  3:53  Photon Cannon  
  23  4:09  Pylon  
  23  4:11  Probe  
  24  4:17  Cybernetics Core  
  24  4:23  Probe  
  23  4:36  Photon Cannon  
  23  4:41  Assimilator  
  23  4:42  Assimilator  
  23  4:44  Probe  
  23  4:52  Probe  
  24  4:58  Shield Battery  
  24  4:59  Shield Battery  
  25  5:02  Probe  
  25  5:08  Probe  
  26  5:16  Probe  
  26  5:20  Stargate  
  27  5:24  Probe  
  27  5:32  Probe  
  28  5:41  Probe  
  30  5:53  Probe  
  31  5:59  Void Ray  
  31  6:05  Probe  
  36  6:15  Photon Cannon  
  36  6:19  Photon Cannon  
  36  6:27  Robotics Facility  
  36  6:37  Probe, Void Ray  
  41  6:49  Probe  
  42  7:01  Probe  
  43  7:13  Probe  
  44  7:19  Photon Cannon  
  44  7:20  Photon Cannon, Void Ray  
  44  7:22  Observer  
  45  7:25  Probe  
  46  7:38  Probe  
  46  7:43  Immortal  
  50  7:51  Pylon  
  50  7:59  Pylon  
  50  8:11  Nexus  
  54  8:14  Pylon  
  54  8:20  Pylon  
  54  8:23  Photon Cannon  
  54  8:31  Void Ray  
  54  8:32  Immortal  
  58  8:41  Pylon  
  46  9:27  Immortal  
  36  9:56  Assimilator x2  
  32  10:00  Pylon x2  
  32  10:21  Photon Cannon  
  32  10:22  Photon Cannon  
Show
View Real Time Build Order
Export as new Build Order

pHARM Zerg - Winner!

Build Orders: Hatch First, Swarm Host 

Get SALT Encoding   

  12  0:01  Drone  
  13  0:15  Drone  
  14  0:23  Overlord  
  14  0:42  Drone x2  
  16  0:53  Hatchery  
  16  0:56  Drone  
  16  0:57  Drone  
  17  1:08  Drone  
  18  1:15  Extractor  
  17  1:20  Spawning Pool  
  17  1:21  Drone  
  17  1:27  Drone  
  18  1:43  Drone  
  19  1:49  Drone  
  20  2:07  Queen  
  20  2:08  Queen  
  24  2:09  Zergling x6  
  27  2:38  Zergling x2  
  27  2:39  Overlord  
  27  2:40  Overlord  
  27  2:53  Lair  
  27  2:54  Metabolic Boost  
  27  2:55  Spine Crawler  
  25  3:09  Drone x6  
  31  3:21  Drone x2  
  33  3:43  Spine Crawler  
  31  4:11  Zergling x18  
  40  4:23  Drone  
  40  4:24  Infestation Pit, Drone  
  41  4:25  Extractor  
  39  4:40  Drone x3  
  39  4:42  Spine Crawler  
  41  5:00  Drone x3  
  41  5:01  Overlord x2  
  41  5:05  Spine Crawler  
  43  5:14  Overlord  
  43  5:20  Queen  
  45  5:22  Swarm Host x5  
  45  5:26  Overlord x2  
  60  5:43  Swarm Host  
  60  5:48  Drone  
  60  5:49  Drone x4  
  68  5:56  Spore Crawler  
  61  6:24  Swarm Host  
  61  6:25  Swarm Host x2  
  70  6:33  Extractor  
  70  6:35  Extractor  
  68  6:48  Swarm Host x2  
  68  6:52  Queen x2  
  78  7:17  Spore Crawler  
  77  7:29  Queen x2  
  81  7:48  Nydus Network  
  80  7:56  Swarm Host  
  83  8:25  Nydus Canal  
  83  8:34  Drone  
  83  8:36  Overlord x3  
  84  9:14  Zergling x2  
  84  9:15  Zergling x28  
  93  9:29  Zergling x6  
  92  9:36  Queen  
  92  9:37  Queen  
  87  9:56  Zergling x8  
  87  10:13  Zergling x4  
Tags
 
Composition
Swarm Host
Matchup
PvZ
Replay Pack
10.7.19
Spawn Locations
Cross Positions
Add a new tag
Caveats
  • Supply blocks, unpowered buildings, or Contaminate may cause inaccurate times.
  • Supply counts are checked every 10 seconds.